 Seeded DCSS version 0.31-a0-167-g1c394c0614 (webtiles) character file.

Game seed: 6236403679062935775 (custom seed)

1244 SigmundSlayer the Shooter (level 8, 0/67 HPs)
             Began as a Demigod Hunter on June 14, 2023.
             Succumbed to a water moccasin's poison
             ... on level 4 of the Dungeon.
             The game lasted 00:06:22 (4678 turns).

SigmundSlayer the Shooter (Demigod Hunter)          Turns: 4678, Time: 00:06:23

Health: 0/67       AC:  8    Str: 12    XL:     8   Next: 5%
Magic:  10/10      EV: 14    Int: 11    God:
Gold:   389        SH:  0    Dex: 25    Spells: 7/7 levels left

rFire   . . .        a - +0 shortbow
rCold   . . .        (shield currently unavailable)
rNeg    . . .        i - +0 ring mail
rPois   .            (no helmet)
rElec   .            v - +0 cloak
rCorr   .            l - +0 pair of gloves
SInv    .            (no boots)
Will    .....        (no amulet)
Stlth   ++           (no ring)
HPRegen 0.31/turn    (no ring)
MPRegen 0.12/turn

%: no passive effects
@: lethally poisoned (0 -> -16), hasted, very quick
A: high MP 1, forlorn, divine attributes
a: no special abilities


You were on level 4 of the Dungeon.
You visited 1 branch of the dungeon, and saw 5 of its levels.

You collected 389 gold pieces.

Inventory:

Hand Weapons
 a - a +0 shortbow (weapon)
Missiles
 d - 6 throwing nets
Armour
 i - a +0 ring mail (worn)
 l - a +0 pair of gloves (worn)
 q - a +0 buckler
 v - a +0 cloak (worn)
Jewellery
 c - a ring of willpower
Wands
 n - a wand of polymorph (9)
Scrolls
 b - a scroll of butterflies
 f - a scroll of enchant armour {unknown}
 k - a scroll of blinking {unknown}
 m - a scroll of torment {unknown}
 o - a scroll of revelation {unknown}
 p - a scroll of brand weapon {unknown}
 t - a scroll of teleportation {unknown}
 u - a scroll of identify {unknown}
 w - a scroll of fear {unknown}
 x - a scroll of poison {unknown}
Potions
 g - 2 potions of cancellation {unknown}
 h - 2 potions of enlightenment {unknown}
 r - a potion of berserk rage {unknown}


   Skills:
 + Level 4.9 Fighting
 + Level 5.9 Ranged Weapons
 + Level 3.9 Armour
 + Level 4.9 Dodging
 - Level 0.8 Stealth


You had 7 spell levels left.
You didn't know any spells.
Your spell library contained the following spells:

 Spells                   Type           Power      Damage    Failure   Level
 Ozocubu's Armour         Ice            0%         N/A       92%         3
 Vhi's Electric Charge    Tloc/Air       0%         N/A       92%         3
 Arcjolt                  Conj/Air       0%         1d10      100%        5
 Metabolic Englaciation   Hex/Ice        0%         N/A       100%        5
 Plasma Beam              Fire/Air       0%         2x1d10    100%        6
 Simulacrum               Ice/Necr       0%         N/A       100%        6


Dungeon Overview and Level Annotations

Branches:
Dungeon (5/15)
 Temple: D:4-7

Shops:
D:1 *


Innate Abilities, Weirdness & Mutations

You have an increased reservoir of magic. (+10% MP)
You shall have no god before yourself.
Your divine heritage dramatically boosts your attributes as you level up.


Message History

You hear a loud clanging noise!
It was a scroll of noise.
You feel sick.
You hear a bark!
You hear a shout! x3; You hear an angry hiss. x2
The water moccasin bites you but does no damage. x2
You feel sick. The water moccasin barely misses you.
You climb upwards.
You feel sick.
There is a stone staircase leading down here.
Fire: a) +0 shortbow
Press: ? - help, Q - select action, (/) - cycle Shift-Dir - straight line, f - water moccasin
Aim: a water moccasin (heavily wounded, 54% to hit)
You shoot an arrow. The arrow hits the water moccasin!
The water moccasin is severely wounded.
You feel sick.
You are no longer poisoned.
The water moccasin completely misses you.
The water moccasin bites you.
* * * LOW HITPOINT WARNING * * *
You are poisoned.
The water moccasin poisons you!
You feel better. The water moccasin bites you.
* * * LOW HITPOINT WARNING * * *
You are lethally poisoned!
The water moccasin poisons you!
Fire: a) +0 shortbow
Press: ? - help, Q - select action, (/) - cycle Shift-Dir - straight line, f/p - water moccasin
Aim: a water moccasin (severely wounded, 54% to hit)
You shoot an arrow.
The arrow closely misses the water moccasin.
* * * LOW HITPOINT WARNING * * *
You feel very sick. The water moccasin misses you.
The water moccasin bites you.
* * * LOW HITPOINT WARNING * * *
You are more poisoned.
The water moccasin poisons you!
Okay, then.
It was a potion of haste.
You feel yourself speed up.
* * * LOW HITPOINT WARNING * * *
You feel very sick.
The water moccasin bites you but does no damage.
You die...

###......#
#.######.#.######
..<......#####.#..))#.#.#
###......'.....#.##.#.#.#
.........#######.##)#.#.#
###......# #.#..).#.#
#......# #.#..###.#
#......# #S#.)# #.#
#......# #>#..###.#
#.###### #@#....#'####
#.# #...........# #.#
#...........# #.#
##..........# #.#
#..........# #.#
#..........# #.#
##..........# #.#
#........######### #.#
#.##...........(..


You could see a water moccasin.

Vanquished Creatures
  Menkaure (D:5)
  An ice beast (D:5)
  A scorpion (D:5)
  3 gnoll sergeants (D:5)
  9 hounds
  A gnoll bouda (D:5)
  2 iguanas
  2 sleepcaps (D:5)
  An orc wizard (D:4)
  21 gnolls
  3 adders
  2 worms (D:2)
  5 dart slugs
  15 orcs
  6 endoplasms
  4 giant cockroaches
  8 goblins
  12 hobgoblins
  10 jackals
  5 quokkas
  A ball python (D:2)
  6 bats
  2 frilled lizards
  5 kobolds
  7 rats
133 creatures vanquished.

Notes
Turn   | Place    | Note
-------+----------+-------------------------------------------
     0 | D:1      | SigmundSlayer the Demigod Hunter began the quest for the
                  | Orb.
     0 | D:1      | Reached XP level 1. HP: 17/17 MP: 3/3
    60 | D:1      | Found Icenk's Assorted Antiques.
   105 | D:1      | Reached XP level 2. HP: 24/24 MP: 4/4
   527 | D:1      | Reached XP level 3. HP: 30/30 MP: 5/5
   545 | D:1      | Reached skill level 4 in Ranged Weapons
  1190 | D:2      | You fall into a shaft and drop 1 floor!
  1468 | D:2      | Reached XP level 4. HP: 37/37 MP: 6/6
  2518 | D:4      | Reached skill level 1 in Armour
  2887 | D:4      | Reached XP level 5. HP: 45/45 MP: 7/7
  3347 | D:5      | Entered Level 5 of the Dungeon
  3489 | D:5      | Reached XP level 6. HP: 36/51 MP: 8/8
  3788 | D:5      | Reached skill level 5 in Ranged Weapons
  4121 | D:5      | Reached XP level 7. HP: 59/59 MP: 9/9
  4560 | D:5      | Noticed Menkaure
  4563 | D:5      | Killed Menkaure
  4573 | D:5      | Reached XP level 8. HP: 67/67 MP: 10/10
  4677 | D:4      | HP: 2/67 [poisoned by a water moccasin]
  4678 | D:4      | Succumbed to a water moccasin's poison

Illustrated notes

Levels and vault maps discovered:
D:1:      dpeg_arrival_rooms_a, layout_basic, serial_shops,
          nicolae_shop_waterfront, minmay_cupped
D:2:      layout_basic
D:3:      layout_basic, mainiacjoe_overflow_tiny_flanked,
          nicolae_elevator_lobby_plus
D:4:      layout_basic
D:5:      layout_cave_pools, serial_gnoll_camp, gnoll_camp_mini_loothouse,
          gnoll_camp_mini_basic, gnoll_camp_huts_moat, gnoll_camp_mini_basic,
          serial_bayou_lake_a, uniq_pikel, uniq_menkaure, uniq_eustachio

Skill      XL: |  1  2  3  4  5  6  7 |
---------------+----------------------+-----
Dodging        | 2 3 4 |  4.9
Fighting       | 2 3 4 |  4.9
Ranged Weapons | 4 5 |  5.9
Armour         | 1 2 3 |  3.9
Stealth        | |  0.8

Action                     |  1- 3 |  4- 6 |  7- 9 || total
---------------------------+-------+-------+-------++-------
   Fire: Shortbow          |   181 |   270 |   141 ||   592
  Evoke: Wand              |       |       |     3 ||     3
    Use: Potion            |       |     1 |     4 ||     5
         Scroll            |       |       |     1 ||     1
 Armour: Leather armour    |    12 |       |       ||    12
         Ring mail         |    30 |   108 |    37 ||   175
  Dodge: Dodged            |    74 |   175 |    85 ||   334

Table legend: (Time is in decaauts)
 A = Elapsed time spent in this place.
 B = Non-inter-level travel time spent in this place.
 C = Inter-level travel time spent in this place.
 D = Time resting spent in this place.
 E = Time spent auto-exploring this place.
 F = Levels seen in this place.
 G = Mean time per level.
                   A        B        C        D        E       F      G
               +--------+--------+--------+--------+--------+-----+--------+
         Total |   4845 |   4693 |    152 |    844 |   2750 |   5 |  969.0 |
       Dungeon |   4845 |   4693 |    152 |    844 |   2750 |   5 |  969.0 |
               +--------+--------+--------+--------+--------+-----+--------+

Top non-repeatable levels by time:
     D:4: 1305 daAuts
     D:5: 1027 daAuts
     D:1: 975 daAuts
     D:2: 951 daAuts
     D:3: 586 daAuts
